 Dungeon Crawl Stone Soup version 0.32-a0-391-gce5c0aab1b (webtiles) character file.

Game seed: 3119483941427052076

253 snetch the Trooper (level 5, 0/48 HPs)
             Began as a Minotaur Berserker on Feb 19, 2024.
             Was a Believer of Trog.
             Slain by a gnoll
             ... wielding a +0 spear
              (2 damage)
             ... on level 2 of the Dungeon.
             The game lasted 00:05:24 (1389 turns).

snetch the Trooper (Minotaur Berserker)             Turns: 1389, Time: 00:05:24

Health: 0/48       AC:  5    Str: 24    XL:     5   Next: 90%
Magic:  4/4        EV: 11    Int:  4    God:    Trog [**....]
Gold:   69         SH:  0    Dex:  9    Spells: 4/4 levels left

rFire   . . .        a - +0 hand axe (elec)
rCold   . . .        (no shield)
rNeg    . . .        n - +0 ring mail
rPois   .            (helmet restricted)
rElec   .            (no cloak)
rCorr   .            (no gloves)
SInv    .            (no boots)
Will    .....        (no amulet) Stlth
                     (no ring)
HPRegen 0.28/turn    (no ring)
MPRegen 0.09/turn

%: no passive effects
@: no status effects
A: horns 2, retaliatory headbutt
a: Renounce Religion, Berserk, Trog's Hand


You were on level 2 of the Dungeon.
You worshipped Trog.
Trog was pleased with you.
You visited 1 branch of the dungeon, and saw 4 of its levels.

You collected 69 gold pieces.

Inventory:

Hand Weapons
 a - a +0 hand axe of electrocution (weapon)
 b - a +0 trident
 o - a +0 flail
 p - a +0 halberd
Missiles
 f - 33 stones (quivered)
 j - 2 javelins
Armour
 n - a +0 ring mail (worn)
Talismans
 k - a talisman of death
Scrolls
 c - 3 scrolls of teleportation {unknown}
 d - a scroll of noise {unknown}
 h - a scroll of summoning {unknown}
 i - 2 scrolls of identify {unknown}
 l - a scroll of vulnerability {unknown}
 r - a scroll of immolation {unknown}
Potions
 e - a potion of heal wounds {unknown}
 g - a potion of magic {unknown}
 m - 2 potions of degeneration {unknown}
 q - a potion of enlightenment {unknown}


   Skills:
 + Level 5.2 Fighting
 + Level 4.6(5.1) Axes
 + Level 3.3(4.5) Polearms
 + Level 3.6 Armour
 + Level 3.2 Dodging


You had 4 spell levels left.
You didn't know any spells.
Your spell library contained the following spells:

 Spells                   Type           Power      Damage    Failure   Level
 Apportation              Tloc           0%         N/A       65%         1
 Necrotise                Necr           0%         1d4       65%         1
 Sting                    Conj/Alch      0%         1d3       65%         1
 Summon Small Mammal      Summ           0%         N/A       65%         1


Dungeon Overview and Level Annotations

Branches:
Dungeon (4/15)
 Temple: D:4-7

Altars:


Innate Abilities, Weirdness & Mutations

You have a pair of horns on your head.
You reflexively headbutt those who attack you in melee.


Message History

The gnoll hits you from afar with a +0 spear.
The gnoll closely misses you.
You hit the gnoll. Lightning courses through the gnoll!!
You kill the gnoll!
Trog accepts your kill.
You slash the plant! Lightning courses through the plant!
You hit the plant but do no damage. You slash the plant!
You completely miss the plant.
A nearby plant withers and dies. x3
The gnoll hits you from afar with a +0 spear.
The gnoll hits you from afar with a +0 spear!
The gnoll closely misses you. The gnoll hits you with a +0 spear.
The gnoll misses you.
Things that are here:
a +0 spear; 3 poisoned darts; a gnoll corpse Unknown command.
You hit the gnoll. Lightning courses through the gnoll!!
You kill the gnoll!
Trog accepts your kill.
You hit the plant. Lightning courses through the plant!
You closely miss the gnoll.
A nearby plant withers and dies.
The gnoll hits you with a +0 whip.
* * * LOW HITPOINT WARNING * * *
The gnoll closely misses you. The gnoll closely misses you.
You furiously retaliate!
You headbutt the gnoll. The gnoll barely misses you. You furiously retaliate!
You headbutt the gnoll! You hit the gnoll but do no damage.
The gnoll is heavily wounded.
You hit the plant.
The plant begins to die.
You slash the plant!
The plant begins to die.
Lightning courses through the plant! You hit the gnoll.
The gnoll hits you with a +0 whip.
* * * LOW HITPOINT WARNING * * *
The gnoll hits you with a +0 spear!
* * * LOW HITPOINT WARNING * * *
You hit the gnoll.
The gnoll is severely wounded.
You hit the plant. You closely miss the gnoll. You hit the plant.
Lightning courses through the plant! The gnoll barely misses you.
You furiously retaliate!
You headbutt the gnoll. The gnoll hits you with a +0 spear.
You die...

##### #####....#
##......... #..P.PP...#
#.PP...P..#
####.......P.#
#....g)....P..
#.##..@)...P.. #######
##.##.PPg.....#
......####...#....P....#
..........†........P..##
#####.####...#........#
#####.## ##.##.....).##
.......####.##.......#
......^.....#####.##.#
[...#..## ### .#


You could see 2 gnolls.

Vanquished Creatures
  A scorpion (D:2)
  An orc wizard (D:3)
  5 gnolls (D:2)
  2 adders
  A dart slug (D:1)
  A ribbon worm (D:3)
  2 orcs (D:3)
  5 endoplasms
  A giant cockroach (D:1)
  4 goblins
  3 hobgoblins
  10 jackals
  5 quokkas
  3 ball pythons
  4 bats
  3 frilled lizards
  4 kobolds
  4 rats
59 creatures vanquished.

Notes
Turn   | Place    | Note
-------+----------+-------------------------------------------
     0 | D:1      | snetch the Minotaur Berserker began the quest for the Orb.
     0 | D:1      | Reached XP level 1. HP: 19/19 MP: 0/0
    87 | D:1      | Reached skill level 4 in Fighting
    89 | D:1      | Reached XP level 2. HP: 27/27 MP: 1/1
   272 | D:3      | Reached XP level 3. HP: 32/34 MP: 2/2
   609 | D:1      | Reached ** piety under Trog
   707 | D:1      | Reached skill level 1 in Polearms
   707 | D:1      | Reached XP level 4. HP: 38/41 MP: 3/3
   818 | D:3      | Noticed a scorpion
   826 | D:2      | Killed a scorpion
   827 | D:2      | Reached skill level 5 in Fighting
   891 | D:3      | Reached XP level 5. HP: 48/48 MP: 4/4
  1388 | D:2      | HP: 2/48 [gnoll/+0 spear (7)]
  1389 | D:2      | Slain by a gnoll

Illustrated notes

Levels and vault maps discovered:
D:1:      scummos_arrival_hexagon, layout_rooms
D:2:      layout_loops_ring, nicolae_grassy_gnolls
D:3:      layout_loops_corners, mainiacjoe_overflow_divided_tiny,
          grunt_ministairs_10, chequers_serial_rivers_room_b
D:4:      layout_basic, minmay_temple_entry_sparse_star, minmay_lizard_king,
          uniq_pikel

Skill      XL: |  1  2  3  4  5 |
---------------+----------------+-----
Fighting       | 4 5 |  5.2
Axes           | 4 |  4.6
Polearms       | 1 2 3 |  3.3
Armour         | 3 |  3.6
Dodging        | 3 |  3.2

Action                     |  1- 3 |  4- 6 || total
---------------------------+-------+-------++-------
  Melee: Trident           |    84 |    51 ||   135
         Headbutt          |    10 |     8 ||    18
         Hand axe          |       |    22 ||    22
 Invoke: Berserk           |     1 |     1 ||     2
         Trog's Hand       |       |     1 ||     1
 Armour: Animal skin       |    13 |       ||    13
         Leather armour    |    32 |     3 ||    35
         Ring mail         |       |    55 ||    55
  Dodge: Dodged            |    43 |    49 ||    92

Table legend: (Time is in decaauts)
 A = Elapsed time spent in this place.
 B = Non-inter-level travel time spent in this place.
 C = Inter-level travel time spent in this place.
 D = Time resting spent in this place.
 E = Time spent auto-exploring this place.
 F = Levels seen in this place.
 G = Mean time per level.
                   A        B        C        D        E       F      G
               +--------+--------+--------+--------+--------+-----+--------+
         Total |   1428 |   1343 |     85 |    138 |    616 |   4 |  357.0 |
       Dungeon |   1428 |   1343 |     85 |    138 |    616 |   4 |  357.0 |
               +--------+--------+--------+--------+--------+-----+--------+

Top non-repeatable levels by time:
     D:1: 630 daAuts
     D:2: 423 daAuts
     D:3: 364 daAuts
     D:4: 11 daAuts
